PCL
GRESHAM GOLD SOULS @ SPOKANE TRAPPERS
09/05/2025
 
TOP OF THE 1ST
Gresham Gold Souls batting - Pitching for Spokane Trappers : RHP José Ortíz
Pitching: RHP José Ortíz
Batting: LHB Luis Zúńiga 0-0: Ball
1-0: Called Strike
1-1: SINGLE (Line Drive, 9S)
Batting: RHB Steve Field 0-0: Called Strike
0-1: Ball
1-1: Ball
2-1: Grounds into double play, 4-6-3 (Groundball, 4)
Batting: RHB Arturo Rodríguez 0-0: Called Strike
0-1: Ball
1-1: Ball
2-1: Swinging Strike
2-2: Foul Ball, location: 2F
2-2: Fly out, F9 (Popup, 9S)
Top of the 1st over - 0 run(s), 1 hit(s), 0 error(s), 0 left on base; Gresham 0 - Spokane 0
BOTTOM OF THE 1ST
Spokane Trappers batting - Pitching for Gresham Gold Souls : LHP Rob Greene
Pitching: LHP Rob Greene
Batting: LHB Pete Carter 0-0: Called Strike
0-1: SINGLE (Groundball, 6MD)
Batting: RHB Rodrigo Gallegos 0-0: Ball
1-0: Called Strike
1-1: Swinging Strike
1-2: SINGLE (Groundball, 5)
Pete Carter to second
Batting: RHB Ramiro Ross 0-0: SINGLE (Groundball, 6MD)
Pete Carter to third
Rodrigo Gallegos to second
Runner from 3rd tries for Home, SAFE, throw made home
Batting: RHB Jeremy Carr 0-0: Ball
1-0: Foul Ball, location: 2F
1-1: Called Strike
1-2: Fielders Choice at 2nd, 5-4 (Groundball, 56)
Rodrigo Gallegos to third
Batting: LHB José Feliciano 0-0: Ball
1-0: Ball
2-0: Foul Ball, location: 2F
2-1: Foul Ball, location: 2F
2-2: SINGLE (Line Drive, 56D)
Rodrigo Gallegos scores
Jeremy Carr to second
Batting: RHB Clyde Kelley 0-0: Ball
1-0: Called Strike
1-1: Ball
2-1: Swinging Strike
2-2: Ground out 6-3 (Groundball, 6MS)
Jeremy Carr to third
José Feliciano to second
Batting: LHB Fernando Pérez 0-0: Ball
1-0: SINGLE (Line Drive, 34D)
Jeremy Carr scores
José Feliciano to third
Runner from 3rd tries for Home, SAFE, no throw or cutoff
Batting: RHB Pedro Rodríguez 0-0: Called Strike
0-1: Ball
1-1: Foul Ball, location: 2F
1-2: Foul Ball, location: 2F
1-2: Ground out 4-3 (Groundball, 34)
Bottom of the 1st over - 4 run(s), 5 hit(s), 0 error(s), 1 left on base; Gresham 0 - Spokane 4
TOP OF THE 2ND
Gresham Gold Souls batting - Pitching for Spokane Trappers : RHP José Ortíz
Batting: RHB Lorenzo Morín 0-0: Swinging Strike
0-1: Swinging Strike
0-2: Strikes out swinging
Batting: SHB Todd Smith 0-0: Ball
1-0: Foul Ball, location: 2F
1-1: Ball
2-1: Swinging Strike
2-2: Strikes out swinging
Batting: LHB Salvador Ruíz 0-0: SOLO HOME RUN (Flyball, 9LD), Distance : 347 ft
Batting: RHB Kazushige Aoki 0-0: Called Strike
0-1: Ball
1-1: Ball
2-1: Foul Ball, location: 2F
2-2: Foul Ball, location: 2F
2-2: Foul Ball, location: 2F
2-2: Hit by Pitch
Batting: RHB Pablo Castillo 0-0: Called Strike
0-1: Ball
1-1: Ball
2-1: Ground out 5-3 (Groundball, 56S)
Top of the 2nd over - 1 run(s), 1 hit(s), 0 error(s), 1 left on base; Gresham 1 - Spokane 4
BOTTOM OF THE 2ND
Spokane Trappers batting - Pitching for Gresham Gold Souls : LHP Rob Greene
Batting: RHB Dani Rodríguez 0-0: Called Strike
0-1: Ball
1-1: Ground out 2-3 (Groundball, 23)
Batting: LHB Pete Carter 0-0: Foul Ball, location: 2F
0-1: Foul Ball, location: 2F
0-2: Ball
1-2: Ball
2-2: Strikes out looking
Batting: RHB Rodrigo Gallegos 0-0: Foul Ball, location: 2F
0-1: Ball
1-1: Fly out, F7 (Flyball, 7M)
Bottom of the 2nd over - 0 run(s), 0 hit(s), 0 error(s), 0 left on base; Gresham 1 - Spokane 4
TOP OF THE 3RD
Gresham Gold Souls batting - Pitching for Spokane Trappers : RHP José Ortíz
Batting: RHB Luke McIndoe 0-0: Ball
1-0: Foul Ball, location: 2F
1-1: Foul Ball, location: 2F
1-2: Ball
2-2: Foul Ball, location: 2F
2-2: Foul Ball, location: 2F
2-2: Ball
3-2: Foul Ball, location: 2F
3-2: Ground out 5-3 (Groundball, 5)
Batting: LHB Luis Zúńiga 0-0: SINGLE (Popup, 8RS)
Batting: RHB Steve Field 0-0: Called Strike
0-1: Ball
1-1: Foul Ball, location: 2F
1-2: Ball
2-2: SINGLE (Groundball, 5D)
Luis Zúńiga to second
Batting: RHB Arturo Rodríguez 0-0: Ball
1-0: Ball
2-0: Called Strike
2-1: Ball
3-1: Called Strike
3-2: Strikes out swinging
Batting: RHB Lorenzo Morín 0-0: Ground out 1-3 (Groundball, 13S)
Top of the 3rd over - 0 run(s), 2 hit(s), 0 error(s), 2 left on base; Gresham 1 - Spokane 4
BOTTOM OF THE 3RD
Spokane Trappers batting - Pitching for Gresham Gold Souls : LHP Rob Greene
Batting: RHB Ramiro Ross 0-0: Fly out, F7 (Flyball, 78D)
Batting: RHB Jeremy Carr 0-0: Ground out 4-3 (Groundball, 4M)
Batting: LHB José Feliciano 0-0: Ball
1-0: Ball
2-0: Ball
3-0: Called Strike
3-1: Called Strike
3-2: SOLO HOME RUN (Flyball, 9D), Distance : 373 ft
Batting: RHB Clyde Kelley 0-0: Fly out, F8 (Flyball, 8LD)
Bottom of the 3rd over - 1 run(s), 1 hit(s), 0 error(s), 0 left on base; Gresham 1 - Spokane 5
TOP OF THE 4TH
Gresham Gold Souls batting - Pitching for Spokane Trappers : RHP José Ortíz
Batting: SHB Todd Smith 0-0: Ball
1-0: Foul Ball, location: 2F
1-1: Called Strike
1-2: Foul Ball, location: 2F
1-2: Ground out 4-3 (Groundball, 34)
Batting: LHB Salvador Ruíz 0-0: Foul Ball, location: 2F
0-1: Foul Ball, location: 2F
0-2: Strikes out swinging, 2-3 out at first.
Batting: RHB Kazushige Aoki 0-0: Ball
1-0: Called Strike
1-1: Ball
2-1: Foul Ball, location: 2F
2-2: Ground out 4-3 (Groundball, 4M)
Top of the 4th over - 0 run(s), 0 hit(s), 0 error(s), 0 left on base; Gresham 1 - Spokane 5
BOTTOM OF THE 4TH
Spokane Trappers batting - Pitching for Gresham Gold Souls : LHP Rob Greene
Batting: LHB Fernando Pérez 0-0: Foul Ball, location: 2F
0-1: Ground out 4-3 (Groundball, 34)
Batting: RHB Pedro Rodríguez 0-0: SINGLE (Line Drive, 7S)
Batting: RHB Dani Rodríguez 0-0: Fly out, F8 (Flyball, 8RM)
Batting: LHB Pete Carter 0-0: SINGLE (Flyball, 8LS)
Pedro Rodríguez to second
Runner from 2nd tries for 3rd, SAFE, no throw or cutoff
Batting: RHB Rodrigo Gallegos 0-0: Swinging Strike
0-1: SINGLE (Groundball, 56)
Pedro Rodríguez scores
Pete Carter to second
Batting: RHB Ramiro Ross 0-0: Ball
1-0: SINGLE (Groundball, 56D)
Pete Carter to third
Rodrigo Gallegos to second
Runner from 3rd tries for Home, throw and OUT!
Bottom of the 4th over - 1 run(s), 4 hit(s), 0 error(s), 2 left on base; Gresham 1 - Spokane 6
TOP OF THE 5TH
Gresham Gold Souls batting - Pitching for Spokane Trappers : RHP José Ortíz
Batting: RHB Pablo Castillo 0-0: Called Strike
0-1: Called Strike
0-2: Fly out, F3 (Popup, 3F)
Batting: RHB Luke McIndoe 0-0: Swinging Strike
0-1: Ball
1-1: Called Strike
1-2: Foul Ball, location: 2F
1-2: Foul Ball, location: 2F
1-2: Strikes out swinging
Batting: LHB Luis Zúńiga 0-0: Ball
1-0: Ball
2-0: DOUBLE (Line Drive, 56D)
Batting: RHB Steve Field 0-0: Ball
1-0: Called Strike
1-1: Foul Ball, location: 2F
1-2: Ground out 5-3 (Groundball, 56)
Top of the 5th over - 0 run(s), 1 hit(s), 0 error(s), 1 left on base; Gresham 1 - Spokane 6
BOTTOM OF THE 5TH
Spokane Trappers batting - Pitching for Gresham Gold Souls : LHP Rob Greene
Batting: RHB Jeremy Carr 0-0: Called Strike
0-1: Fly out, F8 (Flyball, 8LD)
Batting: LHB José Feliciano 0-0: SINGLE (Line Drive, 78S)
Batting: RHB Clyde Kelley Balk!
José Feliciano to second
0-0: Ball
1-0: Swinging Strike
1-1: Foul Ball, location: 2F
1-2: Fly out, F8 (Flyball, 8LXD)
Runner from 2nd tags up, SAFE at 3rd, no throw
Batting: LHB Fernando Pérez 0-0: Called Strike
0-1: Called Strike
0-2: Foul Ball, location: 2F
0-2: Strikes out looking
Bottom of the 5th over - 0 run(s), 1 hit(s), 0 error(s), 1 left on base; Gresham 1 - Spokane 6
TOP OF THE 6TH
Gresham Gold Souls batting - Pitching for Spokane Trappers : RHP José Ortíz
Pitching: RHP Edgardo Martínez
Batting: RHB Arturo Rodríguez 0-0: Ball
1-0: Ball
2-0: Ball
3-0: Base on Balls
Batting: RHB Lorenzo Morín 0-0: Swinging Strike
0-1: Called Strike
0-2: Fly out, F8 (Flyball, 8RXD)
Batting: SHB Todd Smith 0-0: Ball
1-0: Ball
2-0: Ball
3-0: Base on Balls
Arturo Rodríguez to second
Batting: LHB Salvador Ruíz 0-0: Ball
Arturo Rodríguez is caught stealing 3rd base
Todd Smith to second
1-0: Called Strike
1-1: Ball
2-1: Foul Ball, location: 2F
2-2: Strikes out looking
Top of the 6th over - 0 run(s), 0 hit(s), 0 error(s), 1 left on base; Gresham 1 - Spokane 6
BOTTOM OF THE 6TH
Spokane Trappers batting - Pitching for Gresham Gold Souls : LHP Rob Greene
Batting: RHB Pedro Rodríguez 0-0: Ball
1-0: Called Strike
1-1: Ball
2-1: Ball
3-1: Foul Ball, location: 2F
3-2: Foul Ball, location: 2F
3-2: Base on Balls
Batting: RHB Dani Rodríguez 0-0: Ball
1-0: Ball
2-0: Fielders Choice at 2nd, 6-4 (Groundball, 56)
Batting: RHB Toru Nakanishi 0-0: Ball
1-0: Called Strike
1-1: Ball
2-1: Ball
3-1: Foul Ball, location: 2F
3-2: Foul Ball, location: 2F
3-2: Base on Balls
Dani Rodríguez to second
Pitching: RHP William Tagg
Batting: RHB Rodrigo Gallegos 0-0: DOUBLE (Line Drive, 78M)
Dani Rodríguez scores
Toru Nakanishi to third
Runner from 3rd tries for Home, SAFE, throw made home
Batting: RHB Ramiro Ross 0-0: Foul Ball, location: 2F
0-1: Called Strike
0-2: Ball
1-2: Ball
2-2: Ball
3-2: Fly out, F8 (Flyball, 8LXD)
Runner from 2nd tags up, SAFE at 3rd, no throw
Pitching: RHP Carlos Hendrix
Batting: RHB Jeremy Carr 0-0: Foul Ball, location: 2F
0-1: Ball
1-1: Ball
2-1: Ball
3-1: Called Strike
3-2: SINGLE (Groundball, 56)
Rodrigo Gallegos scores
Batting: LHB José Feliciano 0-0: Swinging Strike
0-1: Ball
1-1: 2-RUN HOME RUN (Flyball, 9LD), Distance : 368 ft
Batting: RHB Clyde Kelley 0-0: Foul Ball, location: 2F
0-1: Foul Ball, location: 2F
0-2: Ball
1-2: Strikes out swinging
Bottom of the 6th over - 5 run(s), 3 hit(s), 0 error(s), 0 left on base; Gresham 1 - Spokane 11
TOP OF THE 7TH
Gresham Gold Souls batting - Pitching for Spokane Trappers : RHP Edgardo Martínez
Batting: RHB Kazushige Aoki 0-0: Ball
1-0: Foul Ball, location: 2F
1-1: Called Strike
1-2: Fly out, F9 (Flyball, 9S)
Batting: RHB Pablo Castillo 0-0: Called Strike
0-1: Swinging Strike
0-2: Foul Ball, location: 2F
0-2: Strikes out swinging
Batting: RHB Luke McIndoe 0-0: Called Strike
0-1: Foul Ball, location: 2F
0-2: Ball
1-2: Ball
2-2: Strikes out swinging
Top of the 7th over - 0 run(s), 0 hit(s), 0 error(s), 0 left on base; Gresham 1 - Spokane 11
BOTTOM OF THE 7TH
Spokane Trappers batting - Pitching for Gresham Gold Souls : RHP Carlos Hendrix
Batting: LHB Fernando Pérez 0-0: Ball
1-0: Ball
2-0: Foul Ball, location: 2F
2-1: SINGLE (Line Drive, 4M)
Batting: RHB Pedro Rodríguez 0-0: Sac Bunt - play at first, batter OUT! 1-3
Fernando Pérez to second
Batting: RHB Dani Rodríguez 0-0: Called Strike
0-1: Foul Ball, location: 2F
0-2: Ball
1-2: Foul Ball, location: 2F
1-2: Foul Ball, location: 2F
1-2: Ground out 5-3 (Groundball, 5)
Batting: RHB Toru Nakanishi 0-0: Foul Ball, location: 2F
0-1: Swinging Strike
0-2: Strikes out swinging
Bottom of the 7th over - 0 run(s), 1 hit(s), 0 error(s), 1 left on base; Gresham 1 - Spokane 11
TOP OF THE 8TH
Gresham Gold Souls batting - Pitching for Spokane Trappers : RHP Edgardo Martínez
Pitching: RHP Ching-wei Zi
Batting: LHB Luis Zúńiga 0-0: Ball
1-0: Ground out 4-3 (Groundball, 4M)
Batting: RHB Steve Field 0-0: Called Strike
Single, Error in OF, E9, batter to second base
Batting: RHB Arturo Rodríguez 0-0: Foul Ball, location: 2F
0-1: Foul Ball, location: 2F
0-2: Strikes out swinging
Batting: RHB Lorenzo Morín 0-0: Ball
1-0: SINGLE (Groundball, 34D)
Steve Field to third
Runner from 3rd tries for Home, SAFE, no throw or cutoff
Batting: SHB Todd Smith 0-0: Ball
1-0: Ground out 1-3 (Groundball, 15S)
Top of the 8th over - 1 run(s), 2 hit(s), 1 error(s), 1 left on base; Gresham 2 - Spokane 11
BOTTOM OF THE 8TH
Spokane Trappers batting - Pitching for Gresham Gold Souls : RHP Carlos Hendrix
Batting: RHB Rodrigo Gallegos 0-0: Ground out 6-3 (Groundball, 6)
Batting: RHB Ramiro Ross 0-0: Foul Ball, location: 2F
0-1: Swinging Strike
0-2: Ball
1-2: Strikes out looking
Batting: RHB Jeremy Carr 0-0: Ball
1-0: Swinging Strike
1-1: Ground out 4-3 (Groundball, 4)
Bottom of the 8th over - 0 run(s), 0 hit(s), 0 error(s), 0 left on base; Gresham 2 - Spokane 11
TOP OF THE 9TH
Gresham Gold Souls batting - Pitching for Spokane Trappers : RHP Ching-wei Zi
Now at C: John Summers
Batting: LHB Salvador Ruíz 0-0: Foul Ball, location: 2F
0-1: Foul Ball, location: 2F
0-2: Ball
1-2: Foul Ball, location: 2F
1-2: Foul Ball, location: 2F
1-2: Foul Ball, location: 2F
1-2: Foul Ball, location: 2F
1-2: SOLO HOME RUN (Flyball, 9D), Distance : 371 ft
Batting: RHB Kazushige Aoki 0-0: Ball
1-0: Ground out 6-3 (Groundball, 6)
Batting: RHB Pablo Castillo 0-0: Ball
1-0: Ground out 5-3 (Groundball, 56)
Batting: RHB Luke McIndoe 0-0: Ball
1-0: Ball
2-0: Foul Ball, location: 2F
2-1: Foul Ball, location: 2F
2-2: Ball
3-2: Ground out 6-3 (Groundball, 6)
Top of the 9th over - 1 run(s), 1 hit(s), 0 error(s), 0 left on base; Gresham 3 - Spokane 11
This league is powered by Out of the Park Baseball, the baseball management simulation game for PC, Mac and Linux
Tuesday, August 2nd, 2016 - OOTP Baseball 16.8 Build 38